SAAA
PORT ROYAL DISASTER @ BLOOMINGTON LONGNECKS
09/16/2030
 
TOP OF THE 1ST
Port Royal Disaster batting - Pitching for Bloomington Longnecks : RHP Kent Clement
Pitching: RHP Kent Clement
Batting: LHB Ricky Payton 0-0: Called Strike
0-1: Fly out, F8 (Flyball, 8LM)
Batting: RHB Loren Stallings 0-0: Ground out 5-3 (Groundball, 25)
Batting: RHB Gary Chalmers 0-0: Ground out 4-3 (Groundball, 4)
Top of the 1st over - 0 runs, 0 hits, 0 errors, 0 left on base; Port Royal 0 - Bloomington 0
BOTTOM OF THE 1ST
Bloomington Longnecks batting - Pitching for Port Royal Disaster : RHP Loren Berdine
Pitching: RHP Loren Berdine
Batting: RHB Silvio Bonauiti 0-0: Foul Ball, location: 2F
0-1: Swinging Strike
0-2: Ball
1-2: Ball
2-2: Hit by Pitch
Batting: LHB Daniel Faraday 0-0: Ball
1-0: Called Strike
1-1: Ball
2-1: Ball
3-1: Base on Balls
Silvio Bonauiti to second
Batting: SHB Benedict Patel 0-0: Ball
1-0: Swinging Strike
1-1: Swinging Strike
1-2: Strikes out swinging
Batting: RHB Gabrio Campoverde 0-0: Ball
1-0: Fly out, F8 (Flyball, 8LD)
Batting: LHB Calvin Wilms 0-0: Ball
1-0: Ball
2-0: Ground out 1-3 (Groundball, 13S)
Bottom of the 1st over - 0 runs, 0 hits, 0 errors, 2 left on base; Port Royal 0 - Bloomington 0
TOP OF THE 2ND
Port Royal Disaster batting - Pitching for Bloomington Longnecks : RHP Kent Clement
Batting: LHB Bob Daugherty 0-0: Ball
1-0: SINGLE (Groundball, 56D)
Batting: RHB Wrangler Haresnape 0-0: Foul Ball, location: 2F
0-1: Called Strike
0-2: Ball
1-2: Ball
2-2: Strikes out swinging
Batting: RHB Jesús Ruano 0-0: Foul Ball, location: 2F
0-1: Called Strike
Bob Daugherty steals 2nd base
0-2: Ball
1-2: Strikes out swinging
Batting: LHB José Vázquez 0-0: Reached on error, E5 (Groundball, 56)
Bob Daugherty scores
Batting: RHB David McJannett 0-0: Foul Ball, location: 2F
0-1: Foul Ball, location: 2F
0-2: Ball
1-2: Foul Ball, location: 2F
1-2: Ground out 1-3 (Groundball, 13S)
Top of the 2nd over - 1 run, 1 hit, 1 error, 1 left on base; Port Royal 1 - Bloomington 0
BOTTOM OF THE 2ND
Bloomington Longnecks batting - Pitching for Port Royal Disaster : RHP Loren Berdine
Batting: RHB Martín Martínez 0-0: Ball
1-0: Foul Ball, location: 2F
1-1: SOLO HOME RUN (Flyball, 9LD), Distance : 326 ft
Batting: RHB Ty Struck 0-0: Ball
1-0: Called Strike
1-1: Foul Ball, location: 2F
1-2: Ball
2-2: Strikes out swinging
Batting: LHB Gabriel Díaz 0-0: Ball
1-0: Ball
2-0: Ball
3-0: Base on Balls
Batting: RHB Masafumi Ito 0-0: Swinging Strike
0-1: Foul Ball, location: 2F
0-2: Foul Ball, location: 2F
0-2: Strikes out swinging
Gabriel Díaz steals 2nd base
Batter strikes out.
Batting: RHB Silvio Bonauiti 0-0: Ball
1-0: Ball
2-0: Ball
3-0: Called Strike
3-1: Base on Balls
Batting: LHB Daniel Faraday 0-0: Called Strike
0-1: DOUBLE (Line Drive, 78D)
Gabriel Díaz scores
Silvio Bonauiti to third
Batting: SHB Benedict Patel 0-0: Ball
1-0: Ground out 4-3 (Groundball, 4)
Bottom of the 2nd over - 2 runs, 2 hits, 0 errors, 2 left on base; Port Royal 1 - Bloomington 2
TOP OF THE 3RD
Port Royal Disaster batting - Pitching for Bloomington Longnecks : RHP Kent Clement
Batting: RHB Winston Sparks 0-0: Called Strike
0-1: Called Strike
0-2: Ball
1-2: Ball
2-2: Ball
3-2: Strikes out swinging
Batting: LHB Ricky Payton 0-0: Called Strike
0-1: Foul Ball, location: 2F
0-2: Ball
1-2: SINGLE (Line Drive, 7LM)
Batting: RHB Loren Stallings 0-0: Ball
1-0: Ball
2-0: Called Strike
2-1: Ball
3-1: Foul Ball, location: 2F
3-2: Foul Ball, location: 2F
3-2: Foul Ball, location: 2F
3-2: Grounds into double play, 5-4-3 (Groundball, 56)
Top of the 3rd over - 0 runs, 1 hit, 0 errors, 0 left on base; Port Royal 1 - Bloomington 2
BOTTOM OF THE 3RD
Bloomington Longnecks batting - Pitching for Port Royal Disaster : RHP Loren Berdine
Batting: RHB Gabrio Campoverde 0-0: Ball
1-0: Swinging Strike
1-1: Foul Ball, location: 2F
1-2: Fly out, F7 (Flyball, 7S)
Batting: LHB Calvin Wilms 0-0: Reached on error, E4 (Groundball, 4M)
Batting: RHB Martín Martínez 0-0: Ball
1-0: Fly out, F7 (Flyball, 7S)
Batting: RHB Ty Struck 0-0: SINGLE (Line Drive, 4MD)
Calvin Wilms to second
Runner from 2nd tries for 3rd, SAFE, no throw
Batting: LHB Gabriel Díaz 0-0: Fly out, F9 (Flyball, 89M)
Bottom of the 3rd over - 0 runs, 1 hit, 1 error, 2 left on base; Port Royal 1 - Bloomington 2
TOP OF THE 4TH
Port Royal Disaster batting - Pitching for Bloomington Longnecks : RHP Kent Clement
Batting: RHB Gary Chalmers 0-0: Ball
1-0: Ball
2-0: Called Strike
2-1: Called Strike
2-2: Strikes out swinging
Batting: LHB Bob Daugherty 0-0: SINGLE (Groundball, 56D)
Batting: RHB Wrangler Haresnape 0-0: Ball
1-0: Swinging Strike
1-1: Swinging Strike
1-2: Strikes out swinging
Batting: RHB Jesús Ruano 0-0: Ball
1-0: Called Strike
1-1: Ball
2-1: Called Strike
2-2: Foul Ball, location: 2F
2-2: SINGLE (Line Drive, 89M)
Bob Daugherty to second
Runner from 2nd tries for 3rd, SAFE, no throw
Batting: LHB José Vázquez 0-0: Swinging Strike
0-1: Ball
1-1: Called Strike
1-2: Ball
2-2: Strikes out swinging
Top of the 4th over - 0 runs, 2 hits, 0 errors, 2 left on base; Port Royal 1 - Bloomington 2
BOTTOM OF THE 4TH
Bloomington Longnecks batting - Pitching for Port Royal Disaster : RHP Loren Berdine
Batting: RHB Masafumi Ito 0-0: Called Strike
0-1: Swinging Strike
0-2: Ball
1-2: Ball
2-2: DOUBLE (Line Drive, 78XD)
Batting: RHB Silvio Bonauiti 0-0: Foul Ball, location: 2F
0-1: Swinging Strike
0-2: Ball
1-2: Ball
2-2: Foul Ball, location: 2F
2-2: Strikes out swinging
Batting: LHB Daniel Faraday 0-0: Foul Ball, location: 2F
0-1: Ball
1-1: Ball
2-1: SINGLE (Groundball, 4MD)
Masafumi Ito to third
Batting: SHB Benedict Patel 0-0: Called Strike
0-1: Ball
1-1: Ground out 4-3 (Groundball, 34D)
Masafumi Ito scores
Daniel Faraday to second
Batting: RHB Gabrio Campoverde 0-0: Ball
1-0: Ball
2-0: Swinging Strike
2-1: Ball
3-1: Swinging Strike
3-2: Base on Balls
Batting: LHB Calvin Wilms 0-0: Foul Ball, location: 2F
0-1: Foul Ball, location: 2F
0-2: Foul Ball, location: 2F
0-2: Fly out, F8 (Flyball, 8LS)
Bottom of the 4th over - 1 run, 2 hits, 0 errors, 2 left on base; Port Royal 1 - Bloomington 3
TOP OF THE 5TH
Port Royal Disaster batting - Pitching for Bloomington Longnecks : RHP Kent Clement
Batting: RHB David McJannett 0-0: Called Strike
0-1: Foul Ball, location: 2F
0-2: Ball
1-2: Ball
2-2: Foul Ball, location: 2F
2-2: Ball
3-2: Base on Balls
Batting: RHB Winston Sparks 0-0: Bunt missed!
0-1: Bunt missed!
0-2: Ball
1-2: Fly out, F8 (Flyball, 8RS)
Batting: LHB Ricky Payton 0-0: Fielders Choice at 2nd, 4-6 (Groundball, 4M)
Batting: RHB Loren Stallings 0-0: Ball
1-0: Foul Ball, location: 2F
1-1: Ball
2-1: Foul Ball, location: 2F
2-2: Fly out, F9 (Flyball, 89M)
Top of the 5th over - 0 runs, 0 hits, 0 errors, 1 left on base; Port Royal 1 - Bloomington 3
BOTTOM OF THE 5TH
Bloomington Longnecks batting - Pitching for Port Royal Disaster : RHP Loren Berdine
Batting: RHB Martín Martínez 0-0: Ball
1-0: Ball
2-0: Ball
3-0: Base on Balls
Batting: RHB Ty Struck 0-0: Swinging Strike
0-1: Called Strike
0-2: Ball
1-2: Strikes out swinging
Batting: LHB Gabriel Díaz 0-0: Called Strike
Pickoff Throw to First - Error! E1
Martín Martínez to second
0-1: Ground out 6-3 (Groundball, 6)
Martín Martínez to third
Batting: RHB Masafumi Ito 0-0: Ball
1-0: Ball
2-0: Called Strike
2-1: Foul Ball, location: 2F
2-2: Ball
3-2: SINGLE (Line Drive, 6D)
Martín Martínez scores
Batting: RHB Silvio Bonauiti 0-0: Called Strike
0-1: Fielders Choice at 2nd, 6-4 (Groundball, 6)
Bottom of the 5th over - 1 run, 1 hit, 1 error, 1 left on base; Port Royal 1 - Bloomington 4
TOP OF THE 6TH
Port Royal Disaster batting - Pitching for Bloomington Longnecks : RHP Kent Clement
Batting: RHB Gary Chalmers 0-0: Ball
1-0: Called Strike
1-1: Fly out, F2 (Popup, 2LF)
Batting: LHB Bob Daugherty 0-0: Ball
1-0: Ball
2-0: Called Strike
2-1: SINGLE (Groundball, 56D)
Batting: RHB Wrangler Haresnape 0-0: Swinging Strike
0-1: Ball
1-1: Called Strike
1-2: Foul Ball, location: 2F
1-2: Ball
2-2: Foul Ball, location: 2F
2-2: Strikes out looking
Pitching: RHP Vicente Escamilla
Batting: RHB Jesús Ruano 0-0: Ball
Bob Daugherty steals 2nd base
1-0: Ground out 4-3 (Groundball, 4)
Top of the 6th over - 0 runs, 1 hit, 0 errors, 1 left on base; Port Royal 1 - Bloomington 4
BOTTOM OF THE 6TH
Bloomington Longnecks batting - Pitching for Port Royal Disaster : RHP Loren Berdine
Batting: LHB Daniel Faraday 0-0: Ball
1-0: Foul Ball, location: 2F
1-1: Ball
2-1: Foul Ball, location: 2F
2-2: SOLO HOME RUN (Flyball, 9D), Distance : 340 ft
Batting: SHB Benedict Patel 0-0: SINGLE (Flyball, 89S)
Batting: RHB Gabrio Campoverde 0-0: Ball
1-0: Ground out 6-3 (Groundball, 6MD)
Benedict Patel to second
Pitching: RHP Alfredo Hernández
Batting: LHB Calvin Wilms 0-0: Fly out, F8 (Flyball, 78M)
Batting: RHB Martín Martínez 0-0: Ball
1-0: Foul Ball, location: 2F
1-1: Ball
2-1: Ball
3-1: Called Strike
3-2: Base on Balls
Batting: RHB Ty Struck 0-0: Ball
1-0: Swinging Strike
1-1: Foul Ball, location: 2F
1-2: 3-RUN HOME RUN (Flyball, 78XD), Distance : 398 ft
Batting: LHB Gabriel Díaz 0-0: Ball
1-0: Foul Ball, location: 2F
1-1: Fly out, F7 (Flyball, 7)
Bottom of the 6th over - 4 runs, 3 hits, 0 errors, 0 left on base; Port Royal 1 - Bloomington 8
TOP OF THE 7TH
Port Royal Disaster batting - Pitching for Bloomington Longnecks : RHP Vicente Escamilla
Batting: LHB José Vázquez 0-0: SINGLE (Groundball, 6D)
Batting: RHB David McJannett 0-0: Ball
1-0: Called Strike
1-1: Foul Ball, location: 2F
1-2: Fly out, F3 (Popup, 3)
Batting: RHB Winston Sparks 0-0: Called Strike
0-1: Ball
1-1: Ball
2-1: Swinging Strike
2-2: Foul Ball, location: 2F
2-2: Ball
3-2: Foul Ball, location: 2F
3-2: Foul Ball, location: 2F
3-2: Fly out, F5 (Popup, 5SF)
Batting: LHB Ricky Payton 0-0: Foul Ball, location: 2F
0-1: Ball
1-1: Swinging Strike
1-2: Ball
2-2: Strikes out swinging
Top of the 7th over - 0 runs, 1 hit, 0 errors, 1 left on base; Port Royal 1 - Bloomington 8
BOTTOM OF THE 7TH
Bloomington Longnecks batting - Pitching for Port Royal Disaster : RHP Alfredo Hernández
Batting: RHB Masafumi Ito 0-0: Foul Ball, location: 2F
0-1: Foul Ball, location: 2F
0-2: Ball
1-2: Foul Ball, location: 2F
1-2: Fly out, F6 (Line Drive, 6)
Batting: RHB Silvio Bonauiti 0-0: Ball
1-0: Ball
2-0: Foul Ball, location: 2F
2-1: Ball
3-1: Base on Balls
Batting: LHB Daniel Faraday 0-0: Ball
1-0: Ball
2-0: Called Strike
2-1: Called Strike
2-2: Foul Ball, location: 2F
2-2: Ball
3-2: Base on Balls
Silvio Bonauiti to second
Batting: SHB Benedict Patel 0-0: Ball
Silvio Bonauiti steals 3rd base
1-0: Fielders Choice at 2nd, 5-4 (Groundball, 5)
Silvio Bonauiti scores
Batting: RHB Gabrio Campoverde 0-0: Ball
Benedict Patel steals 2nd base
1-0: Foul Ball, location: 2F
1-1: Ball
2-1: SINGLE (Flyball, 9LS)
Benedict Patel to third
Runner from 3rd tries for Home, SAFE, throw made home
Batting: LHB Calvin Wilms 0-0: Ball
Gabrio Campoverde steals 2nd base
1-0: Ball
2-0: Ball
3-0: Base on Balls
Batting: RHB Martín Martínez 0-0: Fielders Choice at 2nd, 6-4 (Groundball, 56)
Bottom of the 7th over - 2 runs, 1 hit, 0 errors, 2 left on base; Port Royal 1 - Bloomington 10
TOP OF THE 8TH
Port Royal Disaster batting - Pitching for Bloomington Longnecks : RHP Vicente Escamilla
Batting: RHB Loren Stallings 0-0: Ball
1-0: Ball
2-0: Reached on error, E6 (Groundball, 6)
Batting: RHB Gary Chalmers 0-0: Ball
1-0: Fly out, F7 (Flyball, 7S)
Batting: LHB Bob Daugherty 0-0: Called Strike
0-1: Ball
1-1: Fly out, F1 (Line Drive, 13)
Batting: RHB Wrangler Haresnape 0-0: Foul Ball, location: 2F
0-1: Ball
1-1: Ball
Wild Pitch!
Loren Stallings to second
2-1: Swinging Strike
2-2: Strikes out swinging
Top of the 8th over - 0 runs, 0 hits, 1 error, 1 left on base; Port Royal 1 - Bloomington 10
BOTTOM OF THE 8TH
Bloomington Longnecks batting - Pitching for Port Royal Disaster : RHP Alfredo Hernández
Batting: RHB Ty Struck 0-0: Ground out 6-3 (Groundball, 6MD)
Batting: LHB Gabriel Díaz 0-0: Ball
1-0: Called Strike
1-1: Ball
2-1: Ground out 3-1 (Groundball, 34)
Batting: RHB Masafumi Ito 0-0: Ball
1-0: Fly out, F7 (Flyball, 78M)
Bottom of the 8th over - 0 runs, 0 hits, 0 errors, 0 left on base; Port Royal 1 - Bloomington 10
TOP OF THE 9TH
Port Royal Disaster batting - Pitching for Bloomington Longnecks : RHP Vicente Escamilla
Now at SS: Arturo Acevedo
Batting: RHB Jesús Ruano 0-0: Swinging Strike
0-1: Called Strike
0-2: Ball
1-2: Ball
2-2: Strikes out looking
Batting: LHB José Vázquez 0-0: Ground out 5-3 (Groundball, 56)
Batting: RHB David McJannett 0-0: Ball
1-0: Ball
2-0: Called Strike
2-1: Swinging Strike
2-2: Fly out, F4 (Popup, 4M)
Top of the 9th over - 0 runs, 0 hits, 0 errors, 0 left on base; Port Royal 1 - Bloomington 10
Sunday, March 18th, 2018 - OOTP Baseball 18.8 Build 76